 Dungeon Crawl Stone Soup version 0.28-a0-1235-g7c8fac35f0 (webtiles) character file.

Game seed: 16790154653950227695

3413 enile the Skirmisher (level 9, 0/79 HPs)
             Began as a Demonspawn Cinder Acolyte on Dec 24, 2021.
             Was a Follower of Uskayaw.
             Slain by a fire elemental (7 damage)
             ... created by the fiery vengeance of Ignis
             ... in a bailey.
             The game lasted 00:29:46 (10269 turns).

enile the Skirmisher (Demonspawn Cinder Acolyte)   Turns: 10269, Time: 00:29:49

Health: 0/79       AC: 15    Str: 19    XL:     9   Next: 76%
Magic:  12/12      EV:  6    Int: 15    God:    Uskayaw [*.....]
Gold:   738        SH:  4    Dex:  7    Spells: 8/10 levels left

rFire   . . .      SeeInvis .   m - +4 halberd (flame)
rCold   . . .      Faith    .   (shield currently unavailable)
rNeg    . . .      Spirit   .   I - +0 plate armour {rF+}
rPois   .          Reflect  .   s - +0 helmet
rElec   .          Harm     .   p - +0 cloak
rCorr   .          Rampage  .   (no gloves)
Will    .....                   (no boots)
Stlth   ..........              (no amulet)
HPRegen 0.23/turn               e - ring of protection from fire
MPRegen 0.13/turn               r - ring of protection from fire

@: about to teleport, invisible, fire susceptible
A: claws 2, large bone plates 1, spiny 2, clumsy 1, robust 1, MP-powered wands
a: Renounce Religion, Stomp


You were in a bailey.
You worshipped Uskayaw.
Uskayaw was noncommittal.
You visited 2 branches of the dungeon, and saw 10 of its levels.
You also visited: Bailey.

You collected 853 gold pieces.
You spent 115 gold pieces at shops.

Inventory:

Hand Weapons
 a - a -1 falchion of flaming
 m - a +4 halberd of flaming (weapon)
 v - the +7 hunting sling of Gallantry {flame, Int+3}
   (You found it on level 6 of the Dungeon)

   Any ammunition fired from it burns those it strikes, dealing additional fire
   damage.
   Int:       It affects your intelligence (+3).
 x - a +0 spear of venom
 B - a +1 dagger of venom
 D - a +0 war axe
 F - a +0 broad axe
 G - a +1 mace of draining
 H - a +2 flail of protection
Missiles
 y - 14 boomerangs
Armour
 b - a +0 robe
 c - a +0 leather armour
 p - a +0 cloak (worn)
 s - a +0 helmet (worn)
 u - a +0 plate armour
 C - a +0 kite shield
 I - a +0 plate armour of fire resistance (worn)
Magical Staves
 g - a staff of poison
Jewellery
 e - a ring of protection from fire (left claw)
 r - a ring of protection from fire (right claw)
Wands
 j - a wand of polymorph (7)
 E - a wand of paralysis (12) (quivered)
Scrolls
 d - 3 scrolls of vulnerability
 h - 2 scrolls of teleportation
 k - a scroll of brand weapon
 n - a scroll of immolation
 o - a scroll of enchant armour
 q - 4 scrolls of magic mapping
 A - 2 scrolls of noise {unknown}
Potions
 i - 3 potions of heal wounds {unknown}
 l - 3 potions of mutation
 z - a potion of resistance


   Skills:
 - Level 7.0 Fighting
 - Level 4.0 Long Blades
 - Level 3.0 Polearms
 - Level 2.0 Throwing
 - Level 7.0 Armour
 - Level 1.0 Dodging
 - Level 3.0 Stealth
 + Level 2.6 Shields
 - Level 2.0 Unarmed Combat
 - Level 1.0 Spellcasting
 - Level 3.0 Fire Magic
 - Level 5.0 Invocations
 - Level 4.0 Evocations


You had 8 spell levels left.
You knew the following spells:

 Your Spells              Type           Power      Damage    Failure   Level
a - Scorch                Fire           18%        2d5       95%         2

Your spell library contained the following spells:

 Spells                   Type           Power      Damage    Failure   Level
 Passwall                 Tmut/Erth      0%         N/A       100%        2
 Swiftness                Air            0%         N/A       100%        3


Dungeon Overview and Level Annotations

Branches:
Dungeon (9/15)             Temple (1/1) D:4            Lair (0/6) D:8
 Bailey (1/1)
    Orc: D:9-12

Altars:
Ashenzari
Cheibriados
Dithmenos
Elyvilon
Gozag
Hepliaklqana
Kikubaaqudgha
Makhleb
Nemelex Xobeh
Okawaru
Ru
Sif Muna
Trog
Uskayaw
Vehumet
Wu Jian
Xom
Yredelemnul
Zin
The Shining One

Shops:
D:3 =   D:6 ?


Innate Abilities, Weirdness & Mutations

You have very sharp fingernails.
You are partially covered in large bone plates. (SH +4)
You are mostly covered in sharp spines.
You are clumsy. (Dex -2)
You are robust. (+10% HP)
You expend magic power (3 MP) to strengthen your wands.


Message History

You feel resistant to fire.
Partly explored, can't reach some items and places.
Partly explored, can't reach some items and places.
You open the gate. The fire elemental hits you. The fire elemental burns you!
The fire elemental is struck by your spines.
The fire elemental hits you. The fire elemental burns you!
The fire elemental is struck by your spines.
The fire elemental hits you. The fire elemental burns you!
Okay, then.
Okay, then.
Press: ? - help, v - describe, . - travel
Here: a fire elemental (moderately damaged, durably summoned)
The floor.
The fire elemental hits you. The fire elemental burns you!
The fire elemental hits you. The fire elemental burns you!
Okay, then.
Press: ? - help, v - describe, . - travel The floor.
You fade into invisibility!
You block the fire elemental's attack. x2
The fire elemental is struck by your spines.
The fire elemental hits you. The fire elemental burns you!
The fire elemental is struck by your spines.
The fire elemental hits you. The fire elemental burns you!
The fire elemental hits you. The fire elemental burns you!
* * * LOW HITPOINT WARNING * * *
As you read the scroll of teleportation, it crumbles to dust.
You feel strangely unstable. You block the fire elemental's attack.
The fire elemental hits you. The fire elemental burns you!
* * * LOW HITPOINT WARNING * * *
The fire elemental hits you. The fire elemental burns you!
* * * LOW HITPOINT WARNING * * *
You block the fire elemental's attack.
The fire elemental is struck by your spines.
The fire elemental hits you. The fire elemental burns you!
* * * LOW HITPOINT WARNING * * *
The fire elemental is struck by your spines.
The fire elemental barely misses you. The fire elemental hits you.
The fire elemental burns you!
You die...

#.'.(≈≈.......≈≈(.'.#
#.###≈≈.......≈≈###.#
#.'.(≈≈.......≈≈(.'.#
#.###≈≈.......≈≈###.#
#.'.(≈≈.......≈≈(.'.#
#.###≈≈°°[[...≈≈###.#
#^'.(≈§.°○....≈≈'.'^#
#####≈≈.°EE...≈≈#####
##≈..E@...≈##
####')'#### ##.....##
#∩....(∩# #...8...#
##.....## ###'###
####)))####
###.........###


You could see 3 fire elementals.

Vanquished Creatures
  Pikel (D:5)
  Sigmund (D:5)
  2 fire elementals (D:7)
  Menkaure (D:6)
  A water moccasin (D:5)
  Duvessa (D:6)
  4 orc warriors
  A sky beast (D:6)
  An ogre (D:4)
  A centaur (D:4)
  A phantom (D:2)
  3 lemures (D:5)
  Blork the orc (D:6)
  2 kobold brigands
  2 bullfrogs (D:7)
  2 gnoll sergeants
  A wyvern zombie (D:8)
  2 scorpions (D:5)
  A water moccasin zombie (D:5)
  A wyvern skeleton (D:6)
  Dowan (D:6)
  3 howler monkeys
  An orc priest (D:5)
  3 hounds
  A bullfrog skeleton (D:6)
  2 gnoll shamans (D:7)
  Jessica (D:2)
  2 iguanas (D:6)
  7 orc wizards
  2 hound skeletons
  23 gnolls
  A howler monkey skeleton (D:4)
  3 adders
  2 white imps
  An adder zombie (D:5)
  An adder skeleton (D:4)
  3 dart slugs (D:1)
  22 orcs
  7 endoplasms
  3 giant cockroaches
  5 goblins
  10 hobgoblins
  28 kobolds
  5 quokkas
  3 ball pythons
  2 bats (D:2)
  5 frilled lizards
  A quokka skeleton (D:4)
  8 rats
186 creatures vanquished.

Vanquished Creatures (others)
  52 foxfires
  A fungus (D:8)
  6 plants
59 creatures vanquished.

Grand Total: 245 creatures vanquished

Notes
Turn   | Place    | Note
-------+----------+-------------------------------------------
     0 | D:1      | enile the Demonspawn Cinder Acolyte began the quest for the
                  | Orb.
     0 | D:1      | Reached XP level 1. HP: 18/18 MP: 2/2
   294 | D:1      | Gained mutation: You are partially covered in large bone
                  | plates. (SH +4) [demonic ancestry]
   294 | D:1      | Reached XP level 2. HP: 21/24 MP: 3/3
   297 | D:1      | Learned a level 2 spell: Scorch
   634 | D:1      | Found a faded altar of an unknown god.
   844 | D:2      | Noticed a phantom
   855 | D:2      | Killed a phantom
   856 | D:2      | Reached skill level 1 in Dodging
   856 | D:2      | Reached XP level 3. HP: 9/30 MP: 4/4
   856 | D:2      | Gained mutation: You have sharp fingernails. [demonic
                  | ancestry]
   856 | D:2      | Reached XP level 4. HP: 11/37 MP: 5/5
  1585 | D:2      | Noticed Jessica
  1592 | D:2      | Killed Jessica
  1593 | D:2      | Reached XP level 5. HP: 31/43 MP: 3/6
  2546 | D:3      | Found Lischoec's Jewellery Boutique.
  2642 | D:3      | Reached skill level 5 in Fighting
  3277 | D:4      | You fall into a shaft and drop 1 floor!
  3277 | D:5      | Entered Level 5 of the Dungeon
  3547 | D:5      | Noticed a water moccasin
  3560 | D:5      | Killed a water moccasin
  3561 | D:5      | Gained mutation: You are partially covered in sharp spines.
                  | [demonic ancestry]
  3561 | D:5      | Reached XP level 6. HP: 34/51 MP: 0/7
  3772 | D:5      | Found a radiant altar of Vehumet.
  3773 | D:5      | Found a broken altar of Ashenzari.
  3773 | D:5      | Found a basalt altar of Yredelemnul.
  3957 | D:5      | Found a sparkling altar of Nemelex Xobeh.
  3972 | D:5      | Reached skill level 1 in Evocations
  4004 | D:4      | Found a staircase to the Ecumenical Temple.
  4081 | Temple   | Entered the Ecumenical Temple
  4618 | D:4      | Noticed Eustachio
  4619 | D:4      | Noticed Eustachio
  4619 | D:4      | Eustachio changed into Eustachio the centaur
  4623 | D:4      | Killed Eustachio the centaur
  4710 | D:4      | Gained mutation: You are mostly covered in sharp spines.
                  | [demonic ancestry]
  4710 | D:4      | Reached XP level 7. HP: 40/56 MP: 8/8
  5537 | D:5      | Noticed Sigmund
  5548 | D:5      | Gained mutation: You are clumsy. (Dex -2) [potion of
                  | mutation]
  5548 | D:5      | Gained mutation: You are robust. (+10% HP) [potion of
                  | mutation]
  5548 | D:5      | Gained mutation: You expend magic power (3 MP) to
                  | strengthen your wands. [potion of mutation]
  5554 | D:5      | Killed Sigmund
  5555 | D:5      | Reached skill level 5 in Armour
  5591 | D:5      | Noticed Pikel
  5618 | D:5      | Killed Pikel
  5619 | D:5      | Gained mutation: You have very sharp fingernails. [demonic
                  | ancestry]
  5619 | D:5      | Reached XP level 8. HP: 43/71 MP: 7/9
  5973 | D:5      | Reached skill level 1 in Polearms
  6720 | D:6      | Reached skill level 1 in Stealth
  6767 | D:6      | Identified the +7 hunting sling of Gallantry {flame, Int+3}
  6825 | D:6      | Noticed Blork the orc
  6833 | D:6      | Killed Blork the orc
  6937 | D:6      | Found Goamamn's Magic Scroll Shop.
  6950 | D:6      | Reached XP level 9. HP: 79/79 MP: 10/10
  6958 | D:6      | Bought a scroll of enchant weapon for 75 gold pieces
  6958 | D:6      | Bought a scroll of identify for 20 gold pieces
  6958 | D:6      | Bought a scroll of identify for 20 gold pieces
  7160 | D:6      | Noticed Menkaure
  7165 | D:6      | Killed Menkaure
  7260 | D:6      | Noticed Duvessa
  7261 | D:6      | Noticed Dowan
  7266 | D:6      | Killed Duvessa
  7269 | D:6      | Killed Dowan
  7418 | D:7      | Reached skill level 1 in Unarmed Combat
  8248 | Temple   | Fell from the grace of Ignis
  8248 | Temple   | Became a worshipper of Uskayaw the Reveller
  8413 | D:7      | Reached * piety under Uskayaw
  8416 | D:7      | Reached ** piety under Uskayaw
  8421 | D:7      | Reached *** piety under Uskayaw
  8423 | D:7      | Reached skill level 1 in Invocations
  8424 | D:7      | Reached **** piety under Uskayaw
  9192 | D:8      | Found a staircase to the Lair.
  9283 | D:8      | You fall into a shaft and drop 1 floor!
  9414 | D:9      | Reached ***** piety under Uskayaw
  9586 | D:8      | Found a flagged portal.
  9626 | Bailey   | Entered a bailey
  9842 | Bailey   | Reached skill level 5 in Invocations
  9842 | Bailey   | Reached skill level 1 in Shields
 10096 | Bailey   | Found a burning altar of Makhleb.
 10269 | Bailey   | Slain by a fire elemental

Illustrated notes

Levels and vault maps discovered:
D:1:      minmay_arrival_checkered_box, layout_loops_ring,
          ebering_ecumenical_altar_ruins
D:2:      layout_basic, minmay_misc_feat_iff, uniq_jessica
D:3:      layout_basic, serial_shops, shop
D:4:      layout_loops_cross, minmay_temple_entry_from_below_a, uniq_eustachio
D:5:      layout_loops_ring, chequers_temple_overflow_statue_of_worship,
          sigmund_army, uniq_pikel
D:6:      layout_cave_pools, serial_shops, shop, uniq_duvessa, uniq_menkaure,
          uniq_blork_the_orc
D:7:      layout_cave_pods, nicolae_grassy_gnolls
D:8:      layout_gridville, dpeg_oklobed_lair, enter_bailey_4
D:9:      cheibrodos_ideogram_h, layout_rooms, fedhas_altar_4,
          minmay_chambers_of_fives
Temple:   eino_temple_rhombus
Bailey:   bailey_axe_3, bailey

Skill      XL: |  1  2  3  4  5  6  7  8  9 |
---------------+----------------------------+-----
Fighting       | 4 5 6 7 |  7.0
Fire Magic     | 3 |  3.0
Long Blades    | 3 4 |  4.0
Armour         | 2 3 4 6 7 |  7.0
Dodging        | 1 |  1.0
Throwing       | 2 |  2.0
Evocations     | 2 3 4 |  4.0
Polearms       | 1 3 |  3.0
Stealth        | 3 |  3.0
Unarmed Combat | 2 |  2.0
Invocations    | 5 |  5.0
Shields        | 2 |  2.6
Spellcasting   | |  1.0

Action                   |  1- 3 |  4- 6 |  7- 9 || total
-------------------------+-------+-------+-------++-------
Melee: Falchion          |    32 |   166 |    58 ||   256
       Unarmed           |       |     2 |     2 ||     4
       Halberd           |       |       |   173 ||   173
Throw: Boomerang         |       |       |    27 ||    27
       Javelin           |       |       |    18 ||    18
       Throwing net      |       |       |     1 ||     1
 Cast: Scorch            |     3 |    11 |       ||    14
Invok: Fiery Armour      |     1 |     2 |     3 ||     6
       Foxfire Swarm     |       |     2 |     3 ||     5
       Rising Flame      |       |     1 |       ||     1
       Stomp             |       |       |     1 ||     1
Evoke: Wand              |       |     1 |    13 ||    14
  Use: Potion            |       |       |     8 ||     8
       Scroll            |       |       |    16 ||    16
 Stab: Paralysed         |       |       |     2 ||     2
Armor: Leather armour    |     4 |    51 |       ||    55
       Plate armour      |       |     3 |   206 ||   209
Dodge: Dodged            |    10 |    91 |    86 ||   187
Block: Other             |     2 |    29 |    65 ||    96

Table legend: (Time is in decaauts)
 A = Elapsed time spent in this place.
 B = Non-inter-level travel time spent in this place.
 C = Inter-level travel time spent in this place.
 D = Time resting spent in this place.
 E = Time spent auto-exploring this place.
 F = Levels seen in this place.
 G = Mean time per level.
                   A        B        C        D        E       F      G
               +--------+--------+--------+--------+--------+-----+--------+
         Total |  10362 |   9620 |    742 |    778 |   7104 |  11 |  942.0 |
       Dungeon |   9484 |   8788 |    696 |    656 |   6622 |   9 | 1053.8 |
        Temple |    225 |    180 |     45 |      0 |    162 |   1 |  225.0 |
        Bailey |    653 |    653 |      0 |    122 |    320 |   1 |  653.0 |
               +--------+--------+--------+--------+--------+-----+--------+

Top non-repeatable levels by time:
     D:5: 1864 daAuts
     D:7: 1527 daAuts
     D:4: 1479 daAuts
     D:2: 1418 daAuts
     D:3: 1056 daAuts
     D:1: 831 daAuts
     D:6: 777 daAuts
  Bailey: 653 daAuts
     D:8: 306 daAuts
  Temple: 225 daAuts
     D:9: 223 daAuts
